 Dungeon Crawl Stone Soup version 0.29-a0-824-gd827844252 (webtiles) character file.

Game seed: 10376416769184590351

29 lunkers the Insei (level 3, 0/28 HPs)
             Began as a Meteoran Transmuter on July 10, 2022.
             Slain by an iguana (13 damage)
             ... on level 4 of the Dungeon.
             The game lasted 00:02:05 (704 turns).

lunkers the Insei (Meteoran Transmuter)              Turns: 704, Time: 00:02:05

Health: 0/28       AC:  2    Str: 11    XL:     3   Next: 52%
Magic:  3/8        EV: 20    Int: 16    God:
Gold:   37         SH:  0    Dex: 20    Spells: 1/7 levels left

rFire   . . .      SeeInvis .     - Unarmed
rCold   . . .      Faith    .   (shield currently unavailable)
rNeg    + . .      Spirit   .   (body armour currently unavailable)
rPois   x          Reflect  .   (helmet currently unavailable)
rElec   .          Harm     .   (cloak currently unavailable)
rCorr   .          Rampage  .   (gloves currently unavailable)
Will    .....                   (boots currently unavailable)
Stlth   +.........              (no amulet)
HPRegen 0.09/turn               o - ring of positive energy
MPRegen 0.11/turn               (no ring)

@: spider-form (expiring), very slightly contaminated, glowing
A: venomous fangs, tiny, sense surroundings 1, otherworldly, glowing, explore
regen
a: End Transformation


You were on level 4 of the Dungeon.
You were a venomous arachnid creature.
You visited 1 branch of the dungeon, and saw 4 of its levels.

You collected 37 gold pieces.

Inventory:

Armour
 a - a +0 robe (melded)
 d - a +0 pair of gloves (melded)
Magical Staves
 f - a staff of cold
Jewellery
 o - a ring of positive energy (left front leg)
Scrolls
 e - 2 scrolls of teleportation {unknown}
 j - a scroll of fog {unknown}
 k - 2 scrolls of blinking {unknown}
 m - 2 scrolls of identify {unknown}
Potions
 b - a potion of lignification
 c - 2 potions of heal wounds {unknown}
 g - 2 potions of haste {unknown}
 h - a potion of magic {unknown}
 i - a potion of mutation {unknown}
 l - a potion of degeneration {unknown}
 n - a potion of invisibility {unknown}
 p - a potion of brilliance {unknown}


   Skills:
 - Level 1.1 Fighting
 - Level 2.4 Dodging
 * Level 4.7 Unarmed Combat
 - Level 2.6 Spellcasting
 + Level 3.1 Transmutations


You had one spell level left.
You knew the following spells:

 Your Spells              Type           Power      Damage    Failure   Level
b - Wereblood             Tmut           12%        N/A       22%         2
c - Spider Form           Tmut/Pois      7%         N/A       52%         3
p - Beastly Appendage     Tmut           24%        N/A       16%         1

Your spell library contained the following spells:

 Spells                   Type           Power      Damage    Failure   Level
 Ice Form                 Ice/Tmut       7%         N/A       87%         4


Dungeon Overview and Level Annotations

Branches:
Dungeon (4/15) Zot: 1699
 Temple: D:4-7

Altars:
Qazlal

Shops:
D:4 !


Innate Abilities, Weirdness & Mutations

You are a venomous arachnid creature.
You have poisonous fangs.
You are tiny and dextrous.
Your spellcasting is less reliable in this form.
Your armour is entirely melded.
You are incapable of wielding weapons or throwing items.
You passively map a small area around you.
You are easily found by Zot.
You glow in the dark.
You regain HP and MP as you explore.


Message History

There is a stone staircase leading up here.
An endoplasm comes into view.
The endoplasm quivers.
An iguana comes into view.
The endoplasm freezes you.
You are frozen.
You hit the endoplasm but do no damage. You barely miss the endoplasm.
The endoplasm hits you but does no damage.
You hit the endoplasm.
You kill the endoplasm!
Casting: Beastly Appendage (safe; 5% risk of failure)
Confirm with . or Enter, or press ? or * to list all spells.
The spell is extremely dangerous to miscast (30% risk of failure)!
Continue anyway?
You miscast Spider Form.
You are very lightly contaminated with residual magic.
Nothing appears to happen.
Casting: Spider Form (extremely dangerous; 30% risk of failure)
Confirm with . or Enter, or press ? or * to list all spells.
The spell is extremely dangerous to miscast (30% risk of failure)!
Continue anyway?
You turn into a venomous arachnid creature.
Your +0 pair of gloves melds into your body.
Your +0 robe melds into your body.
Unknown command.
You hit the iguana but do no damage. The iguana closely misses you.
You hit the iguana.
The iguana is moderately wounded.
The iguana bites you!
* * * LOW HITPOINT WARNING * * *
You hit the iguana.
The iguana is moderately wounded.
The iguana closely misses you.
You hit the iguana but do no damage.
The iguana is moderately wounded.
The iguana misses you.
You bite the iguana!
The iguana is poisoned.
The iguana is almost dead.
Your transformation is almost over.
The iguana bites you!
You die...

#.# ######
###.###.....* *
* #.......###,
#.#.###.#.#.##.
, ,
#.#............
* #
#####.#.#.##.
#.#####.# # **,
**
#.....$.###.# ,
* #######ls...#
.......#####*
######.# , #.#
*, * #.# * ,...
* * #.# * * #.
, , , *


You could see an iguana (very poisoned).

Vanquished Creatures
  6 bats
  2 endoplasms
  A giant cockroach (D:3)
  3 goblins
  A kobold (D:1)
  2 quokkas
  5 ball pythons
  3 frilled lizards
  3 rats
26 creatures vanquished.

Notes
Turn   | Place    | Note
-------+----------+-------------------------------------------
     0 | D:1      | lunkers the Meteoran Transmuter began the quest for the
                  | Orb.
     0 | D:1      | Reached XP level 1. HP: 16/16 MP: 5/5
    79 | D:1      | Found a faded altar of an unknown god.
   128 | D:2      | Reached XP level 2. HP: 23/23 MP: 6/6
   131 | D:2      | Learned a level 2 spell: Wereblood
   155 | D:1      | Reached skill level 4 in Unarmed Combat
   275 | D:2      | Found a stormy altar of Qazlal.
   292 | D:2      | Reached XP level 3. HP: 28/28 MP: 8/8
   427 | D:3      | Learned a level 3 spell: Spider Form
   644 | D:4      | Found Qoloeca's Distillery.
   704 | D:4      | Slain by an iguana

Illustrated notes

Levels and vault maps discovered:
D:1:      sevenhm_arrival_forest_fort_small_3, layout_basic,
          hellmonk_ecumenical_altar_leap_of_faith, hangedman_decor_lopped
D:2:      layout_rooms, basic_altar, serial_curves, eino_curves_01,
          eino_curves_02
D:3:      minmay_wonky_spiral, layout_loops_ring
D:4:      minmay_angry_zag, layout_loops_corners, old_standard_altar,
          mainiacjoe_overflow_alcove_1, chei_slow_surprise,
          general_overflow_altar, minmay_temple_entry_crystal_x, serial_shops,
          nicolae_shop_statue_plus

Skill      XL: |  1  2  3 |
---------------+----------+-----
Unarmed Combat | 4 |  4.7
Transmutations | 3 |  3.1
Fighting       | |  1.1
Dodging        | |  2.4
Spellcasting   | |  2.6

Action                   || total
-------------------------++-------
Melee: Unarmed           ||    78
       Kick              ||     2
       Punch             ||     2
       Headbutt          ||     1
 Cast: Beastly Appendage ||     2
       Spider Form       ||     1
Armor: Robe              ||    31
Dodge: Dodged            ||    47

Table legend: (Time is in decaauts)
 A = Elapsed time spent in this place.
 B = Non-inter-level travel time spent in this place.
 C = Inter-level travel time spent in this place.
 D = Time resting spent in this place.
 E = Time spent auto-exploring this place.
 F = Levels seen in this place.
 G = Mean time per level.
                   A        B        C        D        E       F      G
               +--------+--------+--------+--------+--------+-----+--------+
         Total |    699 |    633 |     66 |      0 |    240 |   4 |  174.8 |
       Dungeon |    699 |    633 |     66 |      0 |    240 |   4 |  174.8 |
               +--------+--------+--------+--------+--------+-----+--------+

Top non-repeatable levels by time:
     D:3: 238 daAuts
     D:2: 238 daAuts
     D:1: 152 daAuts
     D:4: 70 daAuts
